 Dungeon Crawl Stone Soup version 0.20.0 (webtiles) character file.

174 SpeedrunTech the Chopper (level 5, -10/48 HPs)
             Began as a Minotaur Berserker on June 11, 2017.
             Was a Follower of Trog.
             Mangled by an iguana (12 damage)
             ... on level 4 of the Dungeon.
             The game lasted 00:00:51 (964 turns).

SpeedrunTech the Chopper (Minotaur Berserker)        Turns: 964, Time: 00:00:52

Health: -10/48     AC:  3    Str: 22    XL:     5   Next: 28%
Magic:  4/4        EV: 12    Int:  4    God:    Trog [*.....]
Gold:   19         SH:  0    Dex: 10    Spells: 4/4 levels left

rFire    . . .     SeeInvis .   a - +0 hand axe
rCold    . . .     Gourm    .   (no shield)
rNeg     . . .     Faith    .   b - +0 animal skin
rPois    .         Spirit   .   (helmet restricted)
rElec    .         Reflect  .   (no cloak)
rCorr    .         Harm     .   (no gloves)
MR       .....                  f - +0 pair of boots
Stlth    +.........             (no amulet)
Regen    0.2/turn               (no ring)
MPRegen  0.1/turn               (no ring)

@: berserk cooldown, slowed, very slow
A: retaliatory headbutt, horns 2
a: Berserk, Burn Spellbooks, Renounce Religion


You were on level 4 of the Dungeon.
You worshipped Trog.
Trog was aware of your devotion.
You were not hungry.

You visited 1 branch of the dungeon, and saw 4 of its levels.

You collected 19 gold pieces.

Inventory:

Hand Weapons
 a - a +0 hand axe (weapon)
Armour
 b - a +0 animal skin (worn)
 f - a +0 pair of boots (worn)
Jewellery
 m - a +4 ring of strength {unknown}
Scrolls
 d - a scroll of fear {unknown}
 g - a scroll of remove curse {unknown}
 h - a scroll of immolation {unknown}
 l - a scroll of magic mapping {unknown}
 o - a scroll of amnesia {unknown}
 p - a scroll of identify {unknown}
Potions
 e - a potion of curing {unknown}
 i - a potion of heal wounds {unknown}
 j - a potion of magic {unknown}
 k - a potion of flight {unknown}
 n - a potion of cancellation {unknown}


   Skills:
 + Level 5.1 Fighting
 * Level 6.3 Axes
 - Level 2.4 Armour
 - Level 2.1 Dodging


You had 4 spell levels left.
You didn't know any spells.

Dungeon Overview and Level Annotations

Branches:
Dungeon (4/15)
 Temple: D:4-7

Altars:


Innate Abilities, Weirdness & Mutations

You reflexively headbutt those who attack you in melee.
You have a pair of horns on your head.


Message History

The slug dart hits you!
You are too injured to fight recklessly!
You are too injured to fight recklessly!
Unknown command.
You are too injured to fight recklessly!
The iguana bites you!
* * * LOW HITPOINT WARNING * * *
The iguana bites you!
* * * LOW HITPOINT WARNING * * *
The dart slug launches a dart at you. The slug dart misses you.
You're still recovering from your berserk rage.
Unknown command.
You hit the iguana but do no damage. The iguana bites you.
* * * LOW HITPOINT WARNING * * *
Unknown command.
You barely miss the iguana.
You headbutt the iguana, but do no damage.
You closely miss the orc. The iguana bites you!
You die...

................
.##.... #.........
...w.. +.........
.##....##..........
...................
.......###..#...?#
...#.#......#....#
........l.........
.....#.<@o#.#.####
###.......#...####.
+........).......
#................
#.....#..........
###...###+#..#...
...... ..# ..
#...### .... . ....
#.##


You could see an iguana, a dart slug and an orc.

Vanquished Creatures
  An ogre (D:4)
  A howler monkey (D:4)
  A worm (D:2)
  10 dart slugs
  2 leopard geckos
  3 bats
  2 goblins (D:1)
  2 hobgoblins (D:1)
  4 jackals
  A kobold (D:1)
  A quokka (D:3)
  A rat (D:2)
29 creatures vanquished.

Notes
Turn   | Place    | Note
-------+----------+-------------------------------------------
     0 | D:1      | SpeedrunTech the Minotaur Berserker began the quest for the Orb.
     0 | D:1      | Reached XP level 1. HP: 19/19 MP: 0/0
   265 | D:1      | Reached XP level 2. HP: 27/27 MP: 1/1
   280 | D:1      | Reached skill level 4 in Axes
   472 | D:3      | Reached XP level 3. HP: 31/33 MP: 2/2
   628 | D:3      | Reached skill level 5 in Axes
   871 | D:4      | Noticed an ogre
   879 | D:4      | Killed an ogre
   879 | D:4      | Reached XP level 4. HP: 34/41 MP: 3/3
   942 | D:4      | Reached skill level 5 in Fighting
   951 | D:4      | Reached skill level 6 in Axes
   951 | D:4      | Reached XP level 5. HP: 38/48 MP: 4/4
   963 | D:4      | HP: 2/48 [iguana (3)]
   964 | D:4      | Mangled by an iguana

Skill      XL: |  1  2  3  4 |
---------------+-------------+-----
Fighting       | 4 5 |  5.1
Axes           | 4 5 6 |  6.3
Armour         | |  2.4
Dodging        | |  2.1

Action                   |  1- 3 |  4- 6 || total
-------------------------+-------+-------++-------
Melee: Hand axe          |    53 |     9 ||    62
       Headbutt          |     7 |     1 ||     8
Invok: Berserk           |     1 |     1 ||     2
 Stab: Sleeping          |     1 |       ||     1
  Eat: Bread ration      |       |     1 ||     1
Armor: Animal skin       |     9 |     2 ||    11
Dodge: Dodged            |    32 |     2 ||    34
